AoeStats
← [BuG]Peso

Highland

505084022Analyzed
2v2 RM · 24d ago on Sep 7, 2026· 36m 8s· 4 players
Game mode
Random Map
Map size
Medium (4 player)
Population
200
Speed
Normal
Resources
Standard
Victory
Conquest
Starting age
Dark Age
Ending age
Imperial Age
RankedLock teamsTeams togetherTeam positionsShared explorationLock speedFull tech treeHidden civsTurbo modeCheats
Victory
Defeat
🇩🇪 Maya · Germany
1295
+17
🇩🇪 Persians · Germany
1295
+17
🇧🇪 Celts · Belgium
1369
-18
🇧🇪 Berbers · Belgium
1286
-16
[BuG]Peso
7:47 Loom
10:08 Feudal Age
11:13 Double-Bit Axe
16:52 Bloodlines
16:55 Forging
18:04 Scale Barding Armor
23:35 Castle Age
21:37 Man-at-Arms
24:58 Bloodlines
26:55 Wheelbarrow
26:58 Horse Collar
27:50 Husbandry
31:54 Pikeman
36:26 Hand Cart
36:10 Town Watch
Grandpa
0:27 Loom
10:25 Feudal Age
11:42 Gold Mining
11:39 Double-Bit Axe
18:59 Fletching
22:06 Castle Age
23:03 Bodkin Arrow
22:34 Crossbowman
28:15 Padded Archer Armor
28:47 Bow Saw
30:54 Ballistics
31:04 Leather Archer Armor
32:46 Wheelbarrow
33:49 Sanctity
Xavier The Great
6:52 Loom
9:15 Feudal Age
10:03 Horse Collar
10:29 Double-Bit Axe
24:40 Castle Age
25:28 Husbandry
25:38 Bloodlines
33:57 Wheelbarrow
Filip
4:52 Loom
12:24 Feudal Age
12:58 Double-Bit Axe
18:47 Castle Age
18:09 Horse Collar
Connection lost

Rejoining the realm…

Still unreachable

The connection could not be restored.

Session expired

The server has moved on; the page needs a fresh start.